[Event "Early-Titled-Tuesday-Blitz-February-20-2024"]
[Site "Chess.com"]
[Date "2024.02.20"]
[Round "2"]
[White "Korchmar_Vasiliy"]
[Black "VinzentSpitzl"]
[Result "1-0"]
[WhiteElo "2772"]
[BlackElo "2540"]
[TimeControl "180+1"]
[EndTime "8:19:53 PST"]
[Termination "Korchmar_Vasiliy won on time"]

1. e4 c5 2. d4 cxd4 3. Qxd4 Nc6 4. Qd3 d6 5. Nc3 g6 6. Nf3 Bg7 7. Be2 Nf6 8. O-O Bg4 9. Nd5 O-O 10. c3 Rc8 11. Bg5 Bxf3 12. Qxf3 Nxd5 13. exd5 Ne5 14. Qe3 Re8 15. Qxa7 Qc7 16. Rfe1 Ra8 17. Qe3 Nc4 18. Qf4 Nxb2 19. Bb5 Bxc3 20. Bxe8 Rxe8 21. Rec1 Nd3 22. Qe3 Nxc1 23. Rxc1 Rc8 24. Qxe7 Qxe7 25. Bxe7 Rc5 26. g3 Bd4 27. Rb1 Rxd5 28. Rxb7 Ra5 29. Rb8+ Kg7 30.
Rb4 Bc5 31. Rb2 f5 32. Rd2 Kf7 33. Bg5 Ke6 34. h4 d5 35. Kg2 d4 36. Kf3 Kd5 37. Ke2 Bb4 38. Rc2 Ra3 39. Rb2 d3+ 40. Kd1 Kc4 41. Bd2 Bxd2 42. Kxd2 Ra8 43. f3 h6 44. g4 fxg4 45. fxg4 g5 46. h5 Ra6 47. Kd1 Kc3 48. Rb3+ Kc4 49. Rb2 Kc3 50. Rb3+ Kd4 51. Kd2 Kc4 52.
Rc3+ Kd4 53. Rxd3+ Ke4 54. a3 Kf4 55. Rd4+ Kf3 56. a4 Ra5 57. Kc3 Ra8 58. Kb4 Rb8+ 59. Kc5 Rc8+ 60. Kb6 Rb8+ 61. Kc6 Rc8+ 62. Kb7 Rc1 63.
Rb4 Ra1 64. Kb6 Rd1 65. a5 Rd6+ 66. Kc7 Rf6 67. Kb7 Rf7+ 68. Kb6 Rf6+ 69. Kb5 Rf7 70.
a6 Ke3 71. Ra4 Kf3 72. a7 Rxa7 73. Rxa7 Kxg4 74. Kc4 Kxh5 75. Kd3 Kg4 76. Ke2 h5 77. Kf2 h4 78. Kg2 Kf4 79. Ra4+ Kf5 80. Kh3 1-0

[Event "Early-Titled-Tuesday-Blitz-February-20-2024"]
[Site "Chess.com"]
[Date "2024.02.20"]
[Round "2"]
[White "TokChess"]
[Black "DavidGavrilescu18"]
[Result "1/2-1/2"]
[WhiteElo "2548"]
[BlackElo "2764"]
[TimeControl "180+1"]
[EndTime "8:20:00 PST"]
[Termination "Game drawn by stalemate"]

1. e4 c5 2. Nf3 a6 3. g3 Nc6 4. Bg2 Nf6 5. d3 d6 6. O-O g6 7. Re1 Bg7 8. e5 dxe5 9. Nxe5 Nxe5 10. Rxe5 Nd7 11. Re1 O-O 12. a4 Rb8 13. a5 b5 14.
axb6 Nxb6 15. Nd2 e6 16. Qe2 Re8 17. c3 Nd5 18. Nc4 Bb7 19. Be3 Qc7 20. Ra5 Nxe3 21. Qxe3 Bxg2 22. Kxg2 Rxb2 23. Rxc5 Qb7+ 24. Qf3 Qxf3+ 25.
Kxf3 Bxc3 26. Rc1 Rxf2+ 27. Kxf2 Bd4+ 28. Ne3 Bxc5 29. Rxc5 Rb8 30. Kf3 Rb3 31. Ra5 Rxd3 32. Rxa6 h5 33. h4 Kg7 34. Ra7 Kf6 35. Kf2 Rc3 36.
Ng2 Rb3 37. Rd7 Rb2+ 38. Kf3 Rb3+ 39. Ne3 Ra3 40. Ke4 Ra2 41. Nc4 Ra4 42. Kd3 e5 43. Rd6+ Ke7 44. Rb6 f6 45. Ne3 Rd4+ 46. Ke2 Kf7 47. Rc6 Rd8 48. Nc4 Rd4 49. Ne3 Ra4 50. Rc4 Ra3 51. Kf3 f5 52. Rc6 Rb3 53. Kf2 Kg7 54. Rc2 Rd3 55. Rc6 Rb3 56. Nc4 Rb5 57. Re6 e4 58. Ne5 Rb2+ 59. Ke3 Rg2 60. Rxg6+ Kh7 61. Rg5 Kh6 62. Kf4 Rf2+ 63. Ke3 Rg2 64. Nf7+ Kh7 65. Nd6 Ra2 66. Nxf5 Ra4 67. Nd6 Kh6 68.
Nxe4 Ra8 69. Kf4 Rf8+ 70. Rf5 Rg8 71. Ng5 Ra8 72. Ne4 Rb8 73. Rf6+ Kg7 74. Rd6 Rb4 75. Kf5 Rb5+ 76. Kf4 Rb4 77. Rc6 Ra4 78. Rc5 Kg6 79. Rc6+ Kg7 80. Kf3 Ra3+ 81. Nc3 Ra5 82. g4 hxg4+ 83.
Kxg4 Kh7 84. Ne4 Ra4 85. Re6 Ra5 86. Ng5+ Kg7 87. Re7+ Kf6 88. Rf7+ Kg6 89. h5+ Kh6 90. Rf6+ Kg7 91. Rg6+ Kh8 92. h6 Ra4+ 93. Kf5 Ra5+ 94. Kf6 Ra6+ 95. Ne6 Rb6 96. Rg4 Kh7 97. Rh4 Ra6 98. Kf5 Ra5+ 99. Kf6 Ra6 100. Kg5 Rxe6 101. Rh5 Re5+ 102. Kg4 Rxh5 103. Kxh5 Kh8 104. Kg5 Kg8 105. Kg6 Kh8 106. h7 1/2-1/2

[Event "Early-Titled-Tuesday-Blitz-February-20-2024"]
[Site "Chess.com"]
[Date "2024.02.20"]
[Round "2"]
[White "Russian_berezka"]
[Black "ActorXu"]
[Result "0-1"]
[WhiteElo "2562"]
[BlackElo "2813"]
[TimeControl "180+1"]
[EndTime "8:20:02 PST"]
[Termination "ActorXu won by resignation"]

1. d4 Nf6 2. Bf4 c5 3. e3 Qb6 4. Nc3 d6 5. Rb1 a6 6. Nf3 g6 7. h3 Bg7 8. Bc4 O-O 9. O-O Nbd7 10. Qe2 Qc7 11. a4 b6 12. Nd5 Nxd5 13. Bxd5 Rb8 14. c3 b5 15. axb5 axb5 16. e4 e6 17. Bb3 e5 18. dxe5 dxe5 19. Bg3 c4 20. Bc2 Nc5 21. Rfd1 f6 22. Nh2 Be6 23. f3 Rfd8 24. Nf1 Bh6 25. Bf2 Bf7 26. Rxd8+ Rxd8 27. Rd1 Ne6 28. Rxd8+ Qxd8 29. Be3 Bxe3+ 30. Nxe3 Nf4 31. Qd1 Qxd1+ 32. Nxd1 Be6 33.
h4 g5 34. hxg5 fxg5 35. g3 Nh5 36. Kf2 Kf7 37. Ne3 Ke7 38. Bd1 Nf6 39. Ng2 Kd6 40. Ke3 h5 41. f4 gxf4+ 42. gxf4 Bg4 43. Bf3 Ke6 44. f5+ Kf7 45. Nh4 Nd7 46. Ng6 Kf6 47. Bxg4 hxg4 48. Nh4 Nf8 49. Kf2 Kg5 50. Kg3 Nd7 51.
Ng6 Nf6 52. Nxe5 Nxe4+ 53. Kg2 Kxf5 54. Nc6 Kf4 55. Nd4 Nd6 56. Kf2 Ke4 57. Ke2 g3 58. Nf3 Nf5 59. Ng5+ Kf4 60. Ne6+ Ke5 61. Ng5 Kf4 62.
Ne6+ Kg4 63. Kf1 Kf3 64. Kg1 Ke3 65. Nc7 Nd6 66. Kg2 Kd2 67. Kxg3 Kc2 68. Kf4 Kxb2 69. Nd5 Kb3 70. Ke5 Nb7 71. Kd4 Na5 72. Nc7 Ka4 73.
Kc5 Nb3+ 74. Kb6 b4 75. cxb4 c3 76. Nd5 c2 77. Nc3+ Kxb4 78. Ne2 Kc4 79. Ka6 Kd3 80.
Nf4+ Kd2 81. Nd3 Kxd3 82. Kb5 c1=Q 83. Kb4 Qc5+ 84. Ka4 Qa5+ 85. Kxb3 Qb5+ 0-1

[Event "Early-Titled-Tuesday-Blitz-February-20-2024"]
[Site "Chess.com"]
[Date "2024.02.20"]
[Round "2"]
[White "gshwbedhkhd"]
[Black "NovakRatko"]
[Result "1/2-1/2"]
[WhiteElo "2615"]
[BlackElo "2370"]
[TimeControl "180+1"]
[EndTime "8:20:05 PST"]
[Termination "Game drawn by stalemate"]

1. e4 d5 2. exd5 c6 3. dxc6 Nxc6 4. c3 e5 5. d3 Bc5 6. Nd2 f5 7. Nb3 Bb6 8. Be3 Nf6 9. Qd2 Bc7 10. O-O-O O-O 11.
Nf3 b6 12. d4 f4 13. Bc4+ Kh8 14. dxe5 fxe3 15. Qxd8 Bxd8 16. exf6 Bxf6 17. fxe3 Bf5 18. Bd5 Rac8 19. e4 Bg6 20. Rhf1 Nb4 21. Be6 Bxe4 22. Bxc8 Nxa2+ 23. Kd2 Rxc8 24. Ra1 Nxc3 25. bxc3 Bxc3+ 26. Ke3 Bxa1 27. Kxe4 Bf6 28. Nbd4 Rc4 29. Kd3 Rc7 30. Re1 h6 31. Re8+ Kh7 32. Ne6 Rc3+ 33. Ke4 Kg6 34. Ra8 a5 35. Ra6 Rb3 36. Nfd4 Rb2 37. Nf4+ Kh7 38.
Nf5 Rb4+ 39. Kf3 Rb3+ 40. Ke2 Rb5 41. Nd6 Rb2+ 42. Kd3 Be5 43. Nc4 Rb3+ 44. Ke4 Bxf4 45.
Kxf4 Rb4 46. Rxb6 Rxc4+ 47. Kf5 Rc2 48. g3 Rxh2 49. Ra6 Ra2 50. g4 a4 51. Kf4 a3 52.
Kg3 Ra1 53. Kf3 a2 54. Kg2 Kg8 55. Ra7 Kf8 56. Kh2 g5 57. Kg2 Ke8 58. Kh2 Kd8 59.
Kg2 Kc8 60. Kh2 Kb8 61. Ra3 Kb7 62. Kg2 Kb6 63. Kh2 Kb5 64. Ra8 Kc4 65. Kg2 Kd4 66.
Ra4+ Ke3 67. Ra3+ Kf4 68. Ra4+ Ke3 69. Ra3+ Kd2 70. Ra8 Kc3 71. Rc8+ Kd2 72. Rd8+ Kc1 73. Ra8 Rb1 74. Rxa2 Rb3 75. Ra8 Rb6 76. Rc8+ Kd2 77. Kg3 Ke3 78. Re8+ Kd4 79. Re1 Rb3+ 80. Kg2 Re3 81. Rb1 Ke4 82. Rb4+ Ke5 83. Rb6 Kf4 84. Rxh6 Kxg4 85. Rb6 Re2+ 86. Kf1 Rc2 87. Rb3 Kf4 88. Kg1 g4 89. Ra3 Kg5 90. Rb3 Kf4 91. Ra3 Re2 92. Rb3 Re3 93. Rxe3 Kxe3 94. Kg2 Kf4 95. Kf2 g3+ 96. Kg2 Kg4 97. Kg1 Kf3 98. Kf1 g2+ 99.
Kg1 Kg3 1/2-1/2

[Event "Early-Titled-Tuesday-Blitz-February-20-2024"]
[Site "Chess.com"]
[Date "2024.02.20"]
[Round "2"]
[White "Polish_fighter3000"]
[Black "Karttunen"]
[Result "1/2-1/2"]
[WhiteElo "3049"]
[BlackElo "2673"]
[TimeControl "180+1"]
[EndTime "8:21:07 PST"]
[Termination "Game drawn by 50-move rule"]

1. e4 c5 2. Nf3 d6 3. Bb5+ Nd7 4. d4 cxd4 5. Qxd4 e5 6. Qe3 Nf6 7. O-O Be7 8. c4 O-O 9. Bxd7 Bxd7 10. Nc3 h6 11.
Qd3 Be6 12. b3 a6 13. Rd1 Qc7 14. a4 Rfd8 15. Ba3 Rac8 16. Nd2 Qc6 17. Rac1 Qe8 18. Nf1 Rc6 19. Ne3 Rdc8 20. Ncd5 Bxd5 21. Nxd5 Nxd5 22.
Qxd5 Bf8 23. Rc3 Qe6 24. h3 Re8 25. Rcd3 Qxd5 26. Rxd5 Re6 27. Kf1 g6 28. Ke2 f5 29.
f3 Kf7 30. Bc1 f4 31. Kd3 g5 32. Ba3 Re8 33. Bb4 Ke6 34. Kc2 Be7 35. Kb2 Rec8 36. Be1 Rb6 37. Bf2 Rbc6 38. R5d2 R8c7 39. Rh1 Rc8 40. h4 Rg8 41. hxg5 Bxg5 42. Ka3 Rg6 43. Ka2 Be7 44. Be1 Bf8 45. Re2 Rc7 46. Ba5 Rc6 47. Rd1 Rg8 48. Red2 Rg6 49. Bb4 Rg8 50. Kb2 Be7 51.
Ba3 Rg6 52. Kc3 Rg8 53. Kd3 Rg6 54. b4 Rc8 55. Rc1 Rcg8 56. Rcc2 Rc8 57. b5 axb5 58.
axb5 Ra8 59. Ra2 Rgg8 60. Bb4 Rxa2 61. Rxa2 Kd7 62. Kc3 Kc7 63. Ba5+ b6 64. Bb4 Kb7 65. Rd2 Rg6 66. Kb3 Bf8 67. Bc3 Be7 68. Bxe5 dxe5 69.
Rd7+ Kc8 70. Rxe7 Rxg2 71. Rxe5 Rf2 72. Re6 Rxf3+ 73. Kb4 Kc7 74. Rc6+ Kb7 75. Rxh6 Re3 76. Rh7+ Kb8 77. Re7 f3 78. e5 f2 79. Rf7 Rxe5 80.
Rxf2 Re4 81. Rf7 Kc8 82. Kc3 Rh4 83. Kd3 Rg4 84. Re7 Rh4 85. Re4 Rh1 86. Rg4 Rd1+ 87. Ke4 Kc7 88. Rg6 Rd2 89. Rc6+ Kb7 90. Ke5 Rd1 91.
Ke6 Re1+ 92. Kd7 Rd1+ 93. Rd6 Rc1 94. Rd4 Rc3 95. Kd6 Rc1 96. Rf4 Rd1+ 97. Ke5 Kc7 98.
Rf7+ Kc8 99. Rf6 Kc7 100. Rc6+ Kb7 101. Rd6 Rc1 102. Rd7+ Kc8 103. Rd4 Kc7 104. Kd5 Rc2 105. Rd3 Rc1 106. Rd2 Rc3 107. Rh2 Rd3+ 108. Ke4 Rd1 109. Rh7+ Kc8 110. Rh5 Kc7 111. Rd5 Re1+ 112. Kf5 Re2 113. Kf6 Re1 114. Re5 Rc1 115. Re7+ Kc8 116. Re4 Kc7 117. Ke7 Rd1 118. Re6 Rd7+ 119. Ke8 Rd4 120. Rc6+ Kb7 121. Ke7 Rd1 122. Ke6 Rd2 123. Rd6 Re2+ 124. Kd7 Rc2 125. Rd4 Rc1 126. Kd8 Kb8 127. Ke7 Kc7 128. Rd7+ Kc8 129. Rd4 Kc7 130. Ke6 1/2-1/2

[Event "Early-Titled-Tuesday-Blitz-February-20-2024"]
[Site "Chess.com"]
[Date "2024.02.20"]
[Round "3"]
[White "ilqar_74"]
[Black "DefiantChair"]
[Result "1-0"]
[WhiteElo "2844"]
[BlackElo "2588"]
[TimeControl "180+1"]
[EndTime "8:23:13 PST"]
[Termination "ilqar_74 won by resignation"]

1. e4 c5 2. Nf3 d6 3. d4 cxd4 4. Nxd4 Nf6 5. Nc3 a6 6. a3 g6 7. Be2 Bg7 8. Be3 O-O 9. Qd2 Nc6 10.
O-O-O Bd7 11. h4 Rc8 12. h5 Nxd4 13. Bxd4 Bc6 14. hxg6 fxg6 15. Bc4+ Kh8 16. Bxf6 exf6 17. Rxh7+ 1-0

[Event "Early-Titled-Tuesday-Blitz-February-20-2024"]
[Site "Chess.com"]
[Date "2024.02.20"]
[Round "3"]
[White "Hongjin"]
[Black "Denis_Makhnyov"]
[Result "0-1"]
[WhiteElo "2762"]
[BlackElo "3023"]
[TimeControl "180+1"]
[EndTime "8:23:16 PST"]
[Termination "Denis_Makhnyov won by resignation"]

1. e4 e5 2. Bc4 Nf6 3. Nc3 Bb4 4. Nge2 O-O 5. O-O c6 6. d4 d6 7. Bg5 Nbd7 8. a3 Ba5 9. Qd3 Re8 10. f4 exd4 11.
Qxd4 Bb6 0-1

[Event "Early-Titled-Tuesday-Blitz-February-20-2024"]
[Site "Chess.com"]
[Date "2024.02.20"]
[Round "3"]
[White "LikeWater"]
[Black "FuenfgegenWilly"]
[Result "1-0"]
[WhiteElo "2733"]
[BlackElo "2480"]
[TimeControl "180+1"]
[EndTime "8:23:18 PST"]
[Termination "LikeWater won by resignation"]

1. d4 d5 2. c4 e5 3. e3 exd4 4. exd4 Nf6 5. Nf3 Be7 6. Be2 dxc4 7. Bxc4 O-O 8. O-O Nbd7 9. Nc3 Nb6 10. Bb3 Bg4 11. h3 Bh5 12. g4 Bg6 13. Ne5 c6 14.
f4 Be4 15. g5 Qc8 16. gxf6 Qxh3 17. Nxe4 gxf6 1-0

[Event "Early-Titled-Tuesday-Blitz-February-20-2024"]
[Site "Chess.com"]
[Date "2024.02.20"]
[Round "3"]
[White "Jojo_898"]
[Black "BillCoe"]
[Result "1-0"]
[WhiteElo "2453"]
[BlackElo "2123"]
[TimeControl "180+1"]
[EndTime "8:23:44 PST"]
[Termination "Jojo_898 won by resignation"]

1. e4 c5 2. Nf3 e6 3. c3 d5 4. exd5 Qxd5 5. d4 Nf6 6. Be2 Be7 7.
O-O O-O 8. Be3 b6 9. c4 Qd6 10.
dxc5 bxc5 11. Nc3 Bb7 12. Qxd6 Bxd6 13. Nb5 Rd8 14. Rfd1 Ne8 15. Nxd6 Nxd6 16. Bxc5 1-0

[Event "Early-Titled-Tuesday-Blitz-February-20-2024"]
[Site "Chess.com"]
[Date "2024.02.20"]
[Round "3"]
[White "Kopytkin"]
[Black "Zallio"]
[Result "1-0"]
[WhiteElo "2383"]
[BlackElo "2143"]
[TimeControl "180+1"]
[EndTime "8:23:50 PST"]
[Termination "Kopytkin won by resignation"]

1. d4 d5 2. Bg5 Nf6 3. e3 e6 4.
Nd2 Be7 5. Bd3 O-O 6. f4 c5 7. c3 Nc6 8. Ngf3 cxd4 9. exd4 Bd7 10. O-O Qc7 11. Bxf6 Bxf6 12. Ne5 Nxe5 13. fxe5 Be7 14.
Qh5 g6 15. Qh6 Rfd8 16. Rxf7 Kxf7 17. Qxh7+ 1-0

[Event "Early-Titled-Tuesday-Blitz-February-20-2024"]
[Site "Chess.com"]
[Date "2024.02.20"]
[Round "3"]
[White "AlexanderKing"]
[Black "the_blue_pill"]
[Result "1-0"]
[WhiteElo "2648"]
[BlackElo "2396"]
[TimeControl "180+1"]
[EndTime "8:23:53 PST"]
[Termination "AlexanderKing won by resignation"]

1. c4 e6 2. Nf3 d5 3. g3 c5 4. cxd5 exd5 5. d4 Nc6 6. Bg2 cxd4 7. Nxd4 Bc5 8. Nxc6 bxc6 9. O-O Ne7 10. Qc2 Bb6 11. b3 O-O 12. Bb2 Re8 13. Nc3 Ba6 14. Rfd1 Nf5 15. Qxf5 1-0

[Event "Early-Titled-Tuesday-Blitz-February-20-2024"]
[Site "Chess.com"]
[Date "2024.02.20"]
[Round "3"]
[White "Fumitoks"]
[Black "ikhasu"]
[Result "0-1"]
[WhiteElo "2626"]
[BlackElo "2455"]
[TimeControl "180+1"]
[EndTime "8:23:59 PST"]
[Termination "ikhasu won by resignation"]

1. e4 e5 2. Nf3 Nc6 3. c3 Nf6 4.
d4 exd4 5. e5 Ne4 6. Qe2 d5 7. exd6 f5 8. dxc7 Qxc7 9. Nxd4 Nxd4 10. cxd4 Qxc1+ 11. Qd1 Qxd1+ 12. Kxd1 Nxf2+ 0-1

[Event "Early-Titled-Tuesday-Blitz-February-20-2024"]
[Site "Chess.com"]
[Date "2024.02.20"]
[Round "3"]
[White "xakevicius91"]
[Black "inagreV"]
[Result "1-0"]
[WhiteElo "2594"]
[BlackElo "2361"]
[TimeControl "180+1"]
[EndTime "8:24:04 PST"]
[Termination "xakevicius91 won by resignation"]

1. e4 c5 2. Nf3 Nc6 3. Bc4 e6 4. O-O Nf6 5. Re1 Nxe4 6. Rxe4 d5 7. Bxd5 Qxd5 8. Nc3 Qd8 9. d4 cxd4 10. Nxd4 Bd7 11.
Ndb5 a6 12. Nd6+ Bxd6 13. Qxd6 Qe7 14. Bf4 O-O 15. Rd1 Rfd8 16. Qxe7 Nxe7 17. Bc7 Bc6 1-0

[Event "Early-Titled-Tuesday-Blitz-February-20-2024"]
[Site "Chess.com"]
[Date "2024.02.20"]
[Round "3"]
[White "bangchess21"]
[Black "mishanick"]
[Result "0-1"]
[WhiteElo "2768"]
[BlackElo "3058"]
[TimeControl "180+1"]
[EndTime "8:24:08 PST"]
[Termination "mishanick won by resignation"]

1. e4 c5 2. Nc3 e6 3. f4 d5 4. Nf3 Nc6 5. Bb5 Ne7 6. exd5 exd5 7. Qe2 Bd7 8. Nxd5 a6 9. Bd3 Bg4 10. Nxe7 Bxe7 11. Be4 Nd4 12. Qf2 Bxf3 13. Bxf3 Nxc2+ 14. Kd1 Nxa1 15. Bxb7 O-O 16. Bxa8 Qxa8 17. Re1 Bf6 18.
Qf3 Qb8 19. Qa3 Qb7 20. Qf3 Qd7 21. g4 Qa4+ 22. b3 Qxa2 23. g5 Bd4 0-1

[Event "Early-Titled-Tuesday-Blitz-February-20-2024"]
[Site "Chess.com"]
[Date "2024.02.20"]
[Round "3"]
[White "szachuspl"]
[Black "Fjal"]
[Result "1-0"]
[WhiteElo "2504"]
[BlackElo "2221"]
[TimeControl "180+1"]
[EndTime "8:24:12 PST"]
[Termination "szachuspl won by resignation"]

1. d4 d6 2. c4 e5 3. Nf3 e4 4. Nfd2 f5 5. Nc3 Nf6 6. Nb3 g6 7. Bg5 Bg7 8. e3 O-O 9. Be2 Nbd7 10. O-O c6 11. f3 Qe8 12. fxe4 fxe4 13. Nd2 d5 14.
cxd5 cxd5 15. Qb3 Kh8 16. Nxd5 Nxd5 17. Qxd5 Nf6 18. Bxf6 Bxf6 19. Nxe4 Be6 20. Nxf6 Bxd5 21. Nxe8 Raxe8 22. Rxf8+ Rxf8 23. Rc1 Bxa2 24. Bf3 b6 25. Rc7 a5 26. e4 Rd8 27. d5 Kg8 28. Rb7 Rd6 29. e5 Rxd5 30. Bxd5+ Bxd5 31. Rxb6 a4 32. Kf2 Kf7 33. g3 h5 34. Ke3 Bb3 35. h4 Bc2 36.
Kf4 Ke7 37. Kg5 Kd7 38. Kf6 Kc7 39. Rb4 Kd7 40. e6+ Kd6 41. e7 1-0

[Event "Early-Titled-Tuesday-Blitz-February-20-2024"]
[Site "Chess.com"]
[Date "2024.02.20"]
[Round "3"]
[White "Ezov"]
[Black "Cheer_Down"]
[Result "0-1"]
[WhiteElo "2166"]
[BlackElo "2402"]
[TimeControl "180+1"]
[EndTime "8:24:23 PST"]
[Termination "Cheer_Down won by checkmate"]

1. d4 Nf6 2. Nc3 d5 3. Bf4 c5 4. e3 cxd4 5. exd4 Bg4 6. f3 Bd7 7. Qd2 Nc6 8. O-O-O e6 9. g4 Bb4 10. a3 Ba5 11. h4 Rc8 12. h5 h6 13. Bb5 Qb6 14. b4 Nxb4 15. Bxd7+ Kxd7 16. axb4 Qxb4 17. Nge2 Qa3+ 18. Kb1 Rxc3 19. Nxc3 Bxc3 20. Qc1 Qa1# 0-1

[Event "Early-Titled-Tuesday-Blitz-February-20-2024"]
[Site "Chess.com"]
[Date "2024.02.20"]
[Round "3"]
[White "GoltsevDmitry2000"]
[Black "viktorgen2021"]
[Result "1-0"]
[WhiteElo "2787"]
[BlackElo "2552"]
[TimeControl "180+1"]
[EndTime "8:24:24 PST"]
[Termination "GoltsevDmitry2000 won by resignation"]

1. e4 g6 2. h4 h5 3. d4 Bg7 4. c3 d6 5. Nf3 Nf6 6. Bd3 Bg4 7. Qb3 Qc8 8. Ng5 O-O 9. f3 Be6 10.
Nxe6 Qxe6 11. Qxb7 c6 12. Qxa8 Qd7 13. d5 Qc7 14. Be3 c5 15. Na3 e6 16. Nb5 1-0

[Event "Early-Titled-Tuesday-Blitz-February-20-2024"]
[Site "Chess.com"]
[Date "2024.02.20"]
[Round "3"]
[White "Capablanca_Oujda_2021"]
[Black "BozeKat"]
[Result "1-0"]
[WhiteElo "2533"]
[BlackElo "2130"]
[TimeControl "180+1"]
[EndTime "8:24:24 PST"]
[Termination "Capablanca_Oujda_2021 won by resignation"]

1. b3 e5 2. Bb2 Nc6 3. g3 Nf6 4. Bg2 Bd6 5. e3 O-O 6. Ne2 Re8 7. O-O Bf8 8. d4 d6 9. c4 Bf5 10. Nbc3 g6 11. Qd2 Bh6 12. Rad1 Rb8 13. h3 a6 14. Qc1 Nb4 15. e4 Bd7 16. Qxh6 1-0

[Event "Early-Titled-Tuesday-Blitz-February-20-2024"]
[Site "Chess.com"]
[Date "2024.02.20"]
[Round "3"]
[White "hsd2016"]
[Black "dmosesov"]
[Result "0-1"]
[WhiteElo "2338"]
[BlackElo "2583"]
[TimeControl "180+1"]
[EndTime "8:24:31 PST"]
[Termination "dmosesov won by resignation"]

1. c3 Nf6 2. g3 e5 3. d4 Nc6 4. Bg2 d5 5. dxe5 Nxe5 6. Bg5 c6 7.
Nd2 h6 8. Bf4 Ng6 9. Be3 Ng4 10.
Bf4 Nxf4 11. gxf4 Qh4 12. Nh3 Ne3 0-1

[Event "Early-Titled-Tuesday-Blitz-February-20-2024"]
[Site "Chess.com"]
[Date "2024.02.20"]
[Round "3"]
[White "AlexeiShirov"]
[Black "alpope"]
[Result "1-0"]
[WhiteElo "2842"]
[BlackElo "2496"]
[TimeControl "180+1"]
[EndTime "8:24:40 PST"]
[Termination "AlexeiShirov won by checkmate"]

1. e4 d6 2. d4 Nf6 3. Nc3 e5 4. Nf3 Nbd7 5. g4 Nxg4 6. Rg1 Ngf6 7. Bc4 h6 8. Qd3 c6 9. dxe5 dxe5 10. Be3 b5 11. Bb3 Qc7 12. a4 b4 13. Ne2 a5 14. Qc4 Nb8 15. Nxe5 Be6 16. Qd4 c5 17.
Qd3 Qxe5 18. O-O-O Bxb3 19. Qd8# 1-0

[Event "Early-Titled-Tuesday-Blitz-February-20-2024"]
[Site "Chess.com"]
[Date "2024.02.20"]
[Round "3"]
[White "deribas12345"]
[Black "Al_Shima"]
[Result "1-0"]
[WhiteElo "2612"]
[BlackElo "2383"]
[TimeControl "180+1"]
[EndTime "8:24:40 PST"]
[Termination "deribas12345 won by resignation"]

1. d4 Nf6 2. c4 e6 3. Nc3 d5 4. cxd5 exd5 5. Bg5 Bb4 6. e3 h6 7. Bh4 g5 8. Bg3 Ne4 9. Rc1 c5 10. Bb5+ Nc6 11. Ne2 a6 12. Bxc6+ bxc6 13. O-O Nxc3 14. Nxc3 Be6 15. dxc5 Qd7 16. Na4 Rd8 17. Qd4 O-O 18. Qxb4 Qe7 19. Bd6 Qf6 20. Bxf8 Rxf8 21. Qd4 1-0

[Event "Early-Titled-Tuesday-Blitz-February-20-2024"]
[Site "Chess.com"]
[Date "2024.02.20"]
[Round "3"]
[White "Kostya0705"]
[Black "esrosenberg"]
[Result "1-0"]
[WhiteElo "2638"]
[BlackElo "2421"]
[TimeControl "180+1"]
[EndTime "8:24:50 PST"]
[Termination "Kostya0705 won by resignation"]

1. e4 e6 2. d4 d5 3. Nc3 Bb4 4. e5 c5 5. a3 Bxc3+ 6. bxc3 Ne7 7. Nf3 b6 8. h4 h6 9. h5 Bd7 10. Bd3 c4 11. Bf1 Ba4 12. Nh4 Nbc6 13. Qg4 Rh7 14. Ra2 Kd7 15. Rh3 Kc7 16. Rf3 Qg8 17. Be2 Rf8 18. Rb2 Nd8 19. Rg3 Bd7 20. f4 Nf5 21. Nxf5 exf5 22. Qh4 Be6 23. Qe7+ Kb8 24. Bf3 Re8 25.
Qd6+ Kb7 26. Bxd5+ Bxd5 27. Qxd5+ Nc6 28. Qd7+ Kb8 29.
Qxc6 Rc8 30. Qd6+ Kb7 31. Be3 Qe8 32. d5 Qa4 33. Bxb6 Qxa3 34. Qxa3 1-0

[Event "Early-Titled-Tuesday-Blitz-February-20-2024"]
[Site "Chess.com"]
[Date "2024.02.20"]
[Round "3"]
[White "Hilary46"]
[Black "microbear"]
[Result "1-0"]
[WhiteElo "2653"]
[BlackElo "2287"]
[TimeControl "180+1"]
[EndTime "8:24:56 PST"]
[Termination "Hilary46 won by resignation"]

1. e4 Nf6 2. e5 Nd5 3. d4 d6 4. c4 Nb6 5. f4 dxe5 6. fxe5 c5 7. d5 g6 8. Nc3 Bg7 9. Bf4 O-O 10.
Qd2 e6 11. d6 Nc6 12. Nf3 f6 13. exf6 Bxf6 14. Bh6 Bg7 15. Bxg7 Kxg7 16. Ne4 Rxf3 17. gxf3 Nd4 18. O-O-O 1-0

[Event "Early-Titled-Tuesday-Blitz-February-20-2024"]
[Site "Chess.com"]
[Date "2024.02.20"]
[Round "3"]
[White "ValentunHulka"]
[Black "Oleksandr_Bortnyk"]
[Result "0-1"]
[WhiteElo "2772"]
[BlackElo "3071"]
[TimeControl "180+1"]
[EndTime "8:25:00 PST"]
[Termination "Oleksandr_Bortnyk won by resignation"]

1. d4 Nf6 2. c4 b6 3. Nf3 Bb7 4. g3 g6 5. Bg2 Bg7 6. O-O O-O 7. d5 Na6 8. Nc3 Nc5 9. Nd4 e5 10. Nc2 a5 11. e4 Ne8 12. b3 Nd6 13. Bb2 f5 14.
exf5 gxf5 15. f4 e4 16. Ne1 a4 17. Rb1 axb3 18. axb3 Qe7 19. b4 Nxc4 20. d6 Qxd6 21.
bxc5 Qxc5+ 22. Kh1 Nxb2 23. Qxd7 Qxc3 0-1

[Event "Early-Titled-Tuesday-Blitz-February-20-2024"]
[Site "Chess.com"]
[Date "2024.02.20"]
[Round "3"]
[White "sergoy"]
[Black "Barmen_EV"]
[Result "1-0"]
[WhiteElo "2982"]
[BlackElo "2518"]
[TimeControl "180+1"]
[EndTime "8:25:09 PST"]
[Termination "sergoy won by resignation"]

1. d4 Nf6 2. c4 g6 3. Nf3 Bg7 4. Nc3 O-O 5. e4 d6 6. Be2 e5 7. O-O exd4 8. Nxd4 Re8 9. f3 c6 10. Kh1 a6 11. Bg5 b5 12. Qd2 Qb6 13. Rad1 Nbd7 14.
Nb3 d5 15. cxd5 c5 16. a4 b4 17. Nb1 Ne5 18. Qe3 Nfd7 19. N1d2 h6 20. Bxh6 Bxh6 21.
Qxh6 Qf6 22. f4 Nd3 23. Bxd3 Qxb2 24. e5 c4 1-0

[Event "Early-Titled-Tuesday-Blitz-February-20-2024"]
[Site "Chess.com"]
[Date "2024.02.20"]
[Round "3"]
[White "TemploVillamarin"]
[Black "jimmy-schlumpf"]
[Result "1-0"]
[WhiteElo "2306"]
[BlackElo "2325"]
[TimeControl "180+1"]
[EndTime "8:25:11 PST"]
[Termination "TemploVillamarin won by resignation"]

1. d4 Nf6 2. Nc3 d5 3. e4 Nxe4 4. Nxe4 dxe4 5. f3 Bf5 6. h4 h6 7. Ne2 exf3 8. Ng3 Bg4 9. gxf3 Be6 10. Ne4 Bd5 11. Bf4 e6 12. c3 Be7 13. Bg3 Nd7 14. Bd3 c5 15. dxc5 Nxc5 16. Nxc5 Bxc5 17. Qe2 Qd6 18. Bxd6 1-0

[Event "Early-Titled-Tuesday-Blitz-February-20-2024"]
[Site "Chess.com"]
[Date "2024.02.20"]
[Round "3"]
[White "tsaruk_maks"]
[Black "TioCridineno"]
[Result "1-0"]
[WhiteElo "2736"]
[BlackElo "2406"]
[TimeControl "180+1"]
[EndTime "8:25:14 PST"]
[Termination "tsaruk_maks won by resignation"]

1. e4 c5 2. Nf3 Nc6 3. d4 cxd4 4.
Nxd4 Nf6 5. Nc3 e5 6. Ndb5 d6 7. Bg5 a6 8. Na3 b5 9. Nd5 Be7 10. Bxf6 Bxf6 11. c3 O-O 12. Nc2 Bg5 13. a4 bxa4 14.
Rxa4 a5 15. Bc4 Rb8 16. b3 Kh8 17. O-O g6 18. Nce3 Bh6 19. Qd3 Bd7 20. Bb5 f5 21. Bxc6 Bxc6 22. exf5 Qg5 23. Rg4 Qh5 24. fxg6 hxg6 25.
Rxg6 Rg8 26. Rxg8+ Rxg8 27. Ne7 Bxe3 28. Nxg8 Qg4 29.
Qh7+ Kxh7 30. Nf6+ Kg6 31. Nxg4 Bb6 32. Rd1 Bc5 33. Ne3 a4 34. b4 1-0

[Event "Early-Titled-Tuesday-Blitz-February-20-2024"]
[Site "Chess.com"]
[Date "2024.02.20"]
[Round "3"]
[White "sofaceindisguise"]
[Black "Chessmissile07"]
[Result "1-0"]
[WhiteElo "2662"]
[BlackElo "2882"]
[TimeControl "180+1"]
[EndTime "8:25:23 PST"]
[Termination "sofaceindisguise won by checkmate"]

1. d4 a6 2. e4 e6 3. Nf3 d5 4.
Nbd2 dxe4 5. Nxe4 Be7 6. Bd3 Nf6 7. Qe2 Bd7 8. Bg5 Bc6 9. Bxf6 Bxf6 10. O-O-O Nd7 11.
Kb1 O-O 12. g4 Be7 13. g5 Nb6 14. Ne5 Bxg5 15. Rhg1 Bh6 16. Qh5 Bxe4 17. Bxe4 Kh8 18. Rxg7 Kxg7 19. Rg1+ Kh8 20. Qxh6 f5 21. Ng6+ Kg8 22.
Nxf8+ Kf7 23. Qxe6+ Kxf8 24. Rg8# 1-0